 Dungeon Crawl Stone Soup version 0.13.0-25-g43d4df3 (webtiles) character file.

152 Bloax the Ruffian (level 4, -1/42 HPs)
             Began as a Troll Transmuter on Oct 27, 2013.
             Slain by an orc wizard
             ... wielding a cursed -1,+0 orcish short sword
              (7 damage)
             ... on Level 4 of the Dungeon.
             The game lasted 00:03:13 (653 turns).

Bloax the Ruffian (Troll Transmuter)                 Turns: 653, Time: 00:03:13

HP  -1/42        AC  5     Str 19      XL: 4   Next: 54%
MP   3/3         EV  9     Int  9      God:
Gold 47          SH  0     Dex 10      Spells:  1 memorised,  4 levels left

Res.Fire  : . . .   See Invis. : .     - Unarmed
Res.Cold  : . . .   Warding    : .   c - +0 robe
Life Prot.: . . .   Conserve   : .   (shield restricted)
Res.Poison: .       Res.Corr.  : .   (helmet restricted)
Res.Elec. : .       Clarity    : .   (no cloak)
Sust.Abil.: . .     Spirit.Shd : .   (gloves unavailable)
Res.Mut.  : .       Stasis     : .   (boots unavailable)
Res.Rott. : .       Flight     : .   (no amulet)
Gourmand  : +                        (no ring)
                                     (no ring)

@: slightly resistant to hostile enchantments, unstealthy
A: unfitting armour, claws 3, fast metabolism 3, gourmand, regeneration 2,
saprovore 2, tough skin 2, AC +1
a: no special abilities


You were on level 4 of the Dungeon.
You were full.

You visited 1 branch of the dungeon, and saw 4 of its levels.

You collected 27 gold pieces.


Innate Abilities, Weirdness & Mutations

You are too large for most types of armour.
You have claws for hands.
Your metabolism is lightning-fast.
You like to eat raw meat.
You heal very quickly.
You can eat rotten meat.
You are covered in fur (AC +1).
You have very tough skin (AC +2).


   Skills:
 + Level 2.0 Fighting
 - Level 1.5 Dodging
 + Level 4.0 Unarmed Combat
 - Level 1.2 Spellcasting
 + Level 2.3 Transmutations


You had 4 spell levels left.
You knew the following spells:

 Your Spells              Type           Power        Failure   Level  Hunger
a - Beastly Appendage     Trmt           #.....       14%         1    ##.....


Dungeon Overview and Level Annotations

Branches:
Dungeon (4/27)
 Temple: D:4-7

Altars:

Inventory:

Missiles
 b - 12 arrows
 k - 8 arrows of flame
Armour
 c - a +0 robe (worn)
Comestibles
 a - 2 meat rations
 j - a bread ration
 l - a choko
Potions
 e - 2 potions of might {unknown}
 f - a potion of blood {unknown}
 g - 2 potions of invisibility
 h - a potion of curing {unknown}
 i - a potion of brilliance {unknown}
Books
 d - a book of Changes

   Spells                             Type                      Level
   *Beastly Appendage                 Transmutation                1
   Sticks to Snakes                   Transmutation                2
   Spider Form                        Transmutation/Poison         3
   Ice Form                           Ice/Transmutation            4
   Blade Hands                        Transmutation                5

#...# #...# ###...### #...(...#
##### ##### **#.#...#<# #...#
#...# ..#.#####.#######...#
#...#
...................o####...#
....#####......o.....o.oo%.#
.....,* #..#...#@#########.#
#....,* #..#...#....# #%#
#.....* #..#####...<# #o#
#.....* #..# #....# ***#o#***
#.....# #..# #.####**,,...,,*
#...#***#..#***#.#**,,,,,...,,*
,,,.,,,,....,,,...,,,,,,,...,,*
*,,,***,,,,****...**,, ,.....,*
,,,,,,,,,, ,,,,...,******#.., *


You could see an orc priest, 2 orc wizards and 2 orcs.


Message History

You hit the orc priest.
You kill the orc priest!
Your Fighting skill increases to level 2!
Your Unarmed Combat skill increases to level 4!
An orc priest and an orc wizard come into view.
Unknown command.
You hit the orc wizard.
The orc wizard is heavily wounded.
The orc wizard mumbles some strange words.
The orc wizard seems to speed up.
The goblin barely misses you. The orc wizard closely misses you.
Unknown command.
The goblin barely misses you.
The orc wizard gestures wildly while chanting.
You feel a wave of unholy energy pass over you.
The orc wizard points at you and mumbles some strange words.
You resist.
Unknown command.
The goblin barely misses you.
The orc wizard mumbles some strange words.
The orc wizard flickers and vanishes!
Deactivating autopickup; reactivate with Ctrl-A.
Unknown command.
The goblin hits you but does no damage. The goblin hits you.
Unknown command.
You closely miss the goblin. The goblin barely misses you.
You claw the goblin!
You kill the goblin!
It hits you. It hits you.
You see here a goblin corpse.
Unknown command.
You aren't carrying any items that can be evoked.
Read which item? (? for menu, Esc to quit)
As you read the scroll labeled VULITIKKYJ, it crumbles to dust.
You feel aware of your surroundings.
It was a scroll of magic mapping.
The orc wizard casts a spell at you.
You feel yourself slow down.
You hear some strange, mumbled words.
The puff of flame hits you!
You hear some strange, mumbled words.
The magic dart hits you!
* * * LOW HITPOINT WARNING * * *
The orc wizard barely misses you.
The orc wizard mumbles some strange words.
The orc wizard blinks!
The orc priest becomes somewhat translucent.
It hits you.
* * * LOW HITPOINT WARNING * * *
The orc wizard mumbles some strange words.
The orc wizard seems to speed up.
The orc wizard casts a spell at you.
The magic dart hits something.
It hits you but does no damage.
Unknown command.
The orc wizard casts a spell.
The orc wizard blinks!
You are confused.
The orc wizard hits you but does no damage.
The orc priest utters an invocation to Beogh.
You feel troubled.
The orc wizard hits you with a runed orcish short sword!
* * * LOW HITPOINT WARNING * * *
The orc priest calls down the wrath of Beogh upon you.
Something smites you!
* * * LOW HITPOINT WARNING * * *
You feel less confused.
You feel yourself speed up. The orc wizard closely misses you.
The orc wizard hits you with a runed orcish short sword!
You die...

Action                   |  1- 3 |  4- 6 || total
-------------------------+-------+-------++-------
Melee: Unarmed           |    68 |     6 ||    74
 Cast: Beastly Appendage |     1 |       ||     1
  Use: Potion            |     1 |       ||     1
       Scroll            |     3 |     1 ||     4

Vault maps used:
D:1:      dpeg_entry_simpleton_c, minmay_misc_feat_x, minivault_14,
          minmay_bisected
D:2:      first_bread, uniq_jessica
D:3:      fedhas_altar_1, grunt_decor_arrowhead, minmay_goblin_outpost
D:4:      serial_bayou_pond_a

Notes
Turn   | Place    | Note
--------------------------------------------------------------
     0 | D:1      | Bloax, the Troll Transmuter, began the quest for the Orb.
     0 | D:1      | Reached XP level 1. HP: 19/19 MP: 1/1
     0 | D:1      | Ladykiller69: hey
     0 | D:1      | Ladykiller69: how bout nabe :O
     0 | D:1      | Bloax: this is getting tiring
    17 | D:1      | Reached skill level 1 in Fighting
   123 | D:2      | Reached XP level 2. HP: 24/27 MP: 1/1
   256 | D:2      | Ladykiller69: I think you shoud splat some nabes to free yo miiiiind
   293 | D:2      | Ladykiller69: or do some xomtrolling
   367 | D:2      | Noticed Jessica
   372 | D:2      | Vidiiot: Because Sp are fast
   388 | D:2      | Killed Jessica
   388 | D:2      | Reached XP level 3. HP: 24/33 MP: 0/2
   390 | D:2      | Vidiiot: So piety is hard to gain with chei at * and **
   542 | D:3      | Reached skill level 2 in Transmutations
   593 | D:4      | Reached XP level 4. HP: 29/41 MP: 3/3
   634 | D:4      | Reached skill level 2 in Fighting
   634 | D:4      | Reached skill level 4 in Unarmed Combat
   652 | D:4      | HP: 6/42 [orc priest/divine providence (9)]
   653 | D:4      | Slain by an orc wizard

Vanquished Creatures
  An orc priest (D:4)
  A worker ant (D:4)
  Jessica (D:2)
  2 adders (D:3)
  An orc (D:3)
  3 goblins
  A hobgoblin (D:3)
  4 jackals (D:1)
  2 bats (D:2)
  A giant newt (D:2)
  4 kobolds
  A rat (D:2)
22 creatures vanquished.
